 Dungeon Crawl Stone Soup version 0.20-a0-556-g892c87b (webtiles) character file.

198 Dfrag the Conjurer (level 5, -3/42 HPs)
             Began as a Naga Conjurer on Feb 6, 2017.
             Was an Initiate of Vehumet.
             Slain by Duvessa
             ... wielding a +0 short sword
              (7 damage)
             ... on level 4 of the Dungeon.
             The game lasted 00:04:19 (2243 turns).

Dfrag the Conjurer (Naga Conjurer)                  Turns: 2243, Time: 00:04:19

Health: -3/42      AC:  3    Str: 10    XL:     5   Next: 76%
Magic:  1/11       EV: 10    Int: 21    God:    Vehumet [......]
Gold:   127        SH:  0    Dex: 11    Spells: 9/12 levels left

rFire    . . .     SeeInvis +   q - +0 hand axe (chop)
rCold    . . .     Gourm    +   a - +0 robe
rNeg     . . .     Faith    .   (no shield)
rPois    +         Spirit   .   (no helmet)
rElec    .         Reflect  .   e - +0 cloak
rCorr    .         Harm     .   (no gloves)
MR       .....                  (no barding)
Stlth    +++.......             j - amulet of the gourmand
Regen    0.2/turn               r - ring of stealth
                                n - +4 ring of intelligence

@: short of breath, very slow
A: see invisible, deformed body, poison resistance, slowness 2, slow metabolism
1, spit poison 1, AC +1
a: Spit Poison, Renounce Religion


You were on level 4 of the Dungeon.
You worshipped Vehumet.
Vehumet was noncommittal.
You were very full.

You visited 1 branch of the dungeon, and saw 4 of its levels.

You collected 127 gold pieces.

Inventory:

Hand Weapons
 q - a +0 hand axe of chopping (weapon)
Armour
 a - a +0 robe (worn)
 e - a +0 cloak (worn)
Jewellery
 j - an amulet of the gourmand (around neck)
 n - a +4 ring of intelligence (left hand)
 r - a ring of stealth (right hand)
Scrolls
 d - 4 scrolls of identify {unknown}
 g - a scroll of amnesia {unknown}
 h - a scroll of fog {unknown}
 o - a scroll of teleportation {unknown}
 p - 2 scrolls of remove curse {unknown}
Potions
 k - a potion of beneficial mutation {unknown}
 m - a potion of curing {unknown}
 s - a potion of flight {unknown}
Books
 b - a book of Conjurations

   Spells                             Type                      Level
   a - Magic Dart                     Conjuration                  1
   b - Searing Ray                    Conjuration                  2
   c - Dazzling Spray                 Conjuration/Hexes            3
   d - Fulminant Prism                Conjuration/Hexes            4
   e - Iskenderun's Mystic Blast      Conjuration                  4
   f - Iskenderun's Battlesphere      Conjuration/Charms           5
Comestibles
 c - 7 bread rations
 f - 3 royal jellies
 i - 2 meat rations
 l - 2 fruits


   Skills:
 - Level 1.5 Dodging
 - Level 3.0 Stealth
 * Level 4.4 Spellcasting
 + Level 5.1 Conjurations


You had 9 spell levels left.
You knew the following spells:

 Your Spells              Type           Power        Failure   Level  Hunger
a - Magic Dart            Conj           ####         1%          1    None
b - Searing Ray           Conj           ####..       1%          2    #......


Dungeon Overview and Level Annotations

Branches:
Dungeon (4/15)
 Temple: D:4-7

Altars:
Hepliaklqana
Vehumet

Shops:
D:4 [

Annotations:
D:4 Dowan, Duvessa


Innate Abilities, Weirdness & Mutations

You cannot wear boots.
Your serpentine skin is tough. (AC +1)
You have supernaturally acute eyesight. (SInv)
Armour fits poorly on your strangely shaped body.
Your system is resistant to poisons. (rPois)
You cover ground very slowly.
You have a slow metabolism.
You can spit poison.


Message History

Duvessa hits you with a short sword.
* * * LOW HITPOINT WARNING * * *
The searing ray hits Duvessa.
Duvessa is almost dead.
The searing ray hits Dowan.
Dowan is lightly wounded.
You finish channeling your searing ray.
Duvessa closely misses you.
Unknown command.
Casting: Searing Ray
Confirm with . or Enter, or press ? or * to list all spells.
Okay, then.
Unknown command.
Press: ? - help, Shift-Dir - straight line, f/p - Duvessa
Aim: Duvessa, wielding a short sword and wearing a ring mail (almost dead, fast)
The splash of poison hits Duvessa.
Duvessa appears unharmed.
Duvessa is almost dead.
You feel slightly less full. Duvessa hits you with a short sword.
* * * LOW HITPOINT WARNING * * *
Duvessa hits you with a short sword!
You die...

####.#### #.#
#####.##########
#..(............
#.###..###......
#.# ####∩'.#####
#.# #####
(..######.#
.......@ee#
...######.......
#.###### #.# #.#
#.# ... ..


You could see Duvessa and Dowan.

Vanquished Creatures
  A howler monkey (D:4)
  An orc wizard (D:3)
  A worker ant (D:4)
  2 adders
  2 oozes
  4 worms
  3 dart slugs
  4 leopard geckos
  3 orcs
  4 giant cockroaches
  7 goblins
  2 hobgoblins (D:1)
  2 jackals (D:1)
  A quokka (D:2)
  2 ball pythons
  9 bats
  6 frilled lizards
  6 kobolds
  8 rats
68 creatures vanquished.

Vanquished Creatures (others)
  A kobold (D:3)
1 creature vanquished.

Grand Total: 69 creatures vanquished

Notes
Turn   | Place    | Note
-------+----------+-------------------------------------------
     0 | D:1      | Dfrag the Naga Conjurer began the quest for the Orb.
     0 | D:1      | Reached XP level 1. HP: 15/15 MP: 3/3
   106 | D:1      | Reached XP level 2. HP: 10/22 MP: 1/5
   284 | D:1      | Found a hazy altar of Hepliaklqana.
   293 | D:1      | Reached XP level 3. HP: 8/28 MP: 1/7
   368 | D:1      | Learned a level 2 spell: Searing Ray
  1151 | D:2      | Reached XP level 4. HP: 26/36 MP: 3/8
  1602 | D:3      | Found a radiant altar of Vehumet.
  1622 | D:3      | Became a worshipper of Vehumet
  1636 | D:3      | Noticed a phantom
  1668 | D:4      | Reached XP level 5. HP: 35/42 MP: 1/11
  1880 | D:4      | Reached skill level 5 in Conjurations
  2215 | D:4      | Found Tibiwegroatt's Armour Shop.
  2232 | D:4      | Noticed Duvessa
  2232 | D:4      | Noticed Dowan
  2243 | D:4      | Slain by Duvessa

Vault maps used:
D:1:      dpeg_arrival_yet_another_circle, minmay_hexomino_r4
D:2:      grunt_ministairs_8
D:3:      fiery_altar_vehumet, serial_forest, infiniplex_forest_lined_room_2,
          infiniplex_forest_diagonal, infiniplex_forest_straight_1,
          infiniplex_forest_clump_medium, infiniplex_forest_pool,
          infiniplex_forest_straight_3, infiniplex_forest_clump_double,
          infiniplex_forest_clump_cross, infiniplex_forest_lined_room_2
D:4:      lemuel_upstairs_altar, serial_shops, kennysheep_mini, uniq_duvessa,
          uniq_crazy_yiuf_cottage

Skill      XL: |  1  2  3  4  5 |
---------------+----------------+-----
Spellcasting   | 3 4 |  4.4
Conjurations   | 5 |  5.1
Dodging        | |  1.5
Stealth        | |  3.0

Action                   |  1- 3 |  4- 6 || total
-------------------------+-------+-------++-------
Melee: Unarmed           |    26 |     4 ||    30
 Cast: Magic Dart        |    54 |    21 ||    75
       Searing Ray       |       |    11 ||    11
 Abil: Spit Poison       |    22 |    11 ||    33
  Eat: Chunk             |     5 |     8 ||    13
Armor: Robe              |    23 |       ||    23
Dodge: Dodged            |    30 |     9 ||    39
